 Dungeon Crawl Stone Soup version 0.20-a0-32-gb8e7c72 (webtiles) character file.

255 yukitheduck the Sneak (level 5, -5/26 HPs)
             Began as a Spriggan Assassin on Nov 8, 2016.
             Shot with an arrow by a centaur (11 damage)
             ... on level 5 of the Dungeon.
             The game lasted 00:16:41 (4808 turns).

yukitheduck the Sneak (Spriggan Assassin)           Turns: 4808, Time: 00:16:43

Health: -5/26      AC:  4    Str:  7    XL:     5   Next: 91%
Magic:  6/6        EV: 17    Int: 13    God:
Gold:   234        SH:  0    Dex: 18    Spells: 0 memorised, 4 levels left

rFire  . . .     SeeInvis +     m - -2 dagger (curse)
rCold  . . .     Gourm    .     c - +0 robe
rNeg   . . .     Faith    .     (shield restricted)
rPois  .         Spirit   .     (helmet restricted)
rElec  .         Reflect  .     d - +1 cloak
rCorr  .         Harm     .     (gloves unavailable)
MR     .....                    (boots unavailable)
Stlth  ++++......               (no amulet)
                                (no ring)
                                (no ring)

@: marked, very quick
A: unfitting armour, see invisible, herbivore 3, speed 3, slow metabolism 2
a: no special abilities


You were on level 5 of the Dungeon.
You were not hungry.

You visited 1 branch of the dungeon, and saw 5 of its levels.

You collected 234 gold pieces.

Inventory:

Hand Weapons
 a - a +2 dagger
 b - a +0 blowgun
 m - a cursed -2 dagger (weapon)
 q - a +0 blowgun
 v - a +2 short sword of venom
Missiles
 e - 22 poisoned needles
 f - 2 curare-tipped needles
Armour
 c - a +0 robe (worn)
 d - a +1 cloak (worn)
Wands
 s - a wand of iceblast (6/15)
Scrolls
 o - a scroll of enchant weapon
 u - a scroll of enchant armour
Potions
 h - a potion of heal wounds
 i - 5 potions of curing
 j - a potion of might {unknown}
 l - a potion of cancellation {unknown}
 n - 2 potions of haste
 p - a potion of agility
 r - 2 potions of ambrosia {unknown}
 t - a potion of flight {unknown}
Comestibles
 g - a bread ration
 k - 6 fruits


   Skills:
 - Level 2.0 Fighting
 + Level 5.8 Short Blades
 - Level 2.0 Throwing
 - Level 2.0 Dodging
 - Level 7.1 Stealth


You had 4 spell levels left.
You didn't know any spells.

Dungeon Overview and Level Annotations

Branches:
Dungeon (5/15)
 Temple: D:4-7

Altars:
Ashenzari
Kikubaaqudgha
Okawaru
Uskayaw
Vehumet

Annotations:
D:4 exclusions: 2 killer bees and player ghost, Eustachio; fed's ghost, amateur FeBe
D:5 Dowan; Duvessa; Prince Ribbit


Innate Abilities, Weirdness & Mutations

You are very small and have problems with some larger weapons.
You are too small for most types of armour.
You have supernaturally acute eyesight. (SInv)
You are a herbivore.
You cover ground extremely quickly.
You need consume almost no food.


Message History

The bullfrog zombie barely misses you.
Dowan casts a spell.
Dowan blinks!
Evoke which item? (* to show all) (? for menu, Esc to quit)
Zapping:
s - a wand of iceblast (?/15) {zapped: 3} (will waste charges)
Press: ? - help, Shift-Dir - straight line The mass of ice explodes!
The iceblast engulfs the centaur.
The centaur is almost dead.
The iceblast engulfs the jelly.
You kill the jelly!
The iceblast engulfs the bullfrog zombie.
The bullfrog zombie partially resists.
The bullfrog zombie is heavily damaged.
The iceblast engulfs Duvessa.
Duvessa is moderately wounded.
The iceblast engulfs Dowan.
Dowan is almost dead.
Evoking this partially-identified wand wasted a few charges.
The centaur shoots an arrow.
The arrow hits you!
You die...

###### #......#####
.....# #...........
.....#
###+######...........
.....#
.....................
.(<..#
........##....#######
.....# ......##....#
.....# ....##....#
.....# #####'###....#
.....# #..@hZa......#
.....+ #...Ze.#######
.....# #...c..#
.....# #....e.'.
########... .... ...
...


You could see Duvessa, Dowan, a centaur, a howler monkey, a worker ant, a
bullfrog zombie and an adder skeleton.

Vanquished Creatures
  An ice beast (D:4)
  A jelly (D:5)
  Ijyb (D:2)
  A worker ant (D:4)
  A shadow imp (D:5)
  4 dart slugs
  3 leopard geckos
  5 orcs
  3 giant cockroaches
  7 goblins
  9 hobgoblins
  7 kobolds
  4 ball pythons
  5 bats
  3 frilled lizards
  A quokka skeleton (D:4)
  6 rats
62 creatures vanquished.

Notes
Turn   | Place    | Note
-------+----------+-------------------------------------------
     0 | D:1      | yukitheduck the Spriggan Assassin began the quest for the Orb.
     0 | D:1      | Reached XP level 1. HP: 10/10 MP: 2/2
   172 | D:1      | Reached XP level 2. HP: 10/15 MP: 3/3
   364 | D:1      | Reached skill level 6 in Stealth
   451 | D:1      | Reached XP level 3. HP: 10/18 MP: 4/4
   971 | D:1      | Found a shattered altar of Ashenzari.
  2111 | D:3      | Found an iron altar of Okawaru.
  2111 | D:3      | Found an ancient bone altar of Kikubaaqudgha.
  2294 | D:3      | Reached skill level 7 in Stealth
  2549 | D:3      | Found a radiant altar of Vehumet.
  2582 | D:3      | Reached XP level 4. HP: 23/23 MP: 5/5
  3093 | D:2      | Noticed Ijyb
  3101 | D:2      | Killed Ijyb
  4006 | D:4      | Noticed Eustachio
  4256 | D:4      | Found a hide-covered altar of Uskayaw.
  4508 | D:4      | Noticed fed's ghost (amateur FeBe)
  4541 | D:4      | Noticed an ice beast
  4543 | D:4      | Killed an ice beast
  4543 | D:4      | Reached skill level 5 in Short Blades
  4543 | D:4      | Reached XP level 5. HP: 26/26 MP: 6/6
  4702 | D:5      | Entered Level 5 of the Dungeon
  4797 | D:5      | Noticed Duvessa
  4800 | D:5      | Noticed a centaur
  4803 | D:5      | Noticed Prince Ribbit
  4804 | D:5      | Noticed Dowan
  4808 | D:5      | Shot with an arrow by a centaur

Vault maps used:
D:1:      dpeg_arrival_arbitrary_c, ashenzari_altar_1
D:2:      small_statue_intersection, kennysheep_generic_room_5, uniq_iyjb,
          uniq_jessica
D:3:      chequers_temple_overflow_minitemple, lemuel_crystal_altar,
          gammafunk_temple_overflow_wave, first_bread
D:4:      eat_drink_and_be_merry_uskayaw, uniq_eustachio
D:5:      nemelex_xobeh_ov_fountains_minmay, lemuel_doored_altar, uniq_duvessa,
          uniq_prince_ribbit1

Skill      XL: |  1  2  3  4 |
---------------+-------------+-----
Short Blades   | 3 5 |  5.8
Fighting       | 2 |  2.0
Dodging        | 2 |  2.0
Stealth        | 6 7 |  7.1
Throwing       | |  2.0

Action                   |  1- 3 |  4- 6 || total
-------------------------+-------+-------++-------
Melee: Dagger            |   377 |   118 ||   495
Evoke: Wand              |       |     2 ||     2
  Use: Scroll            |     9 |     2 ||    11
 Stab: Sleeping          |    14 |     3 ||    17
       Distracted        |       |     1 ||     1
  Eat: Bread ration      |       |     1 ||     1
Armor: Robe              |    47 |    20 ||    67
Dodge: Dodged            |   263 |    97 ||   360
